 Dungeon Crawl Stone Soup version 0.19.1-1-g22dce08 (webtiles) character file.

3886 dngmouse the Cleaver (level 10, -3/96 HPs)
             Began as a Hill Orc Fighter on Jan 15, 2017.
             Was an Elder of Makhleb.
             Slain by Paps's ghost (8 damage)
             ... on level 8 of the Dungeon.
             The game lasted 00:22:47 (7479 turns).

dngmouse the Cleaver (Hill Orc Fighter)             Turns: 7479, Time: 00:22:49

Health: -3/96      AC: 17    Str: 25 (28) XL:     10   Next: 19%
Magic:  13/13      EV:  6    Int:  4 (5)  God:    Makhleb [****..]
Gold:   347        SH:  0    Dex:  8 (10) Spells: 0 memorised, 9 levels left

rFire  x . .     SeeInvis .     K - +0 battleaxe (curse)
rCold  + . .     Gourm    .     e - +0 plate armour
rNeg   . . .     Faith    .     (shield currently unavailable)
rPois  .         Spirit   .     s - +0 helmet
rElec  .         Reflect  .     F - +1 cloak
rCorr  .         Harm     .     D - +1 pair of gloves
MR     .....                    (no boots)
Stlth  ..........               (no amulet)
                                J - ring of ice
                                w - -3 ring of intelligence

@: mighty, very heavily drained
A: iridescent scales 1
a: Minor Destruction, Lesser Servant of Makhleb, Major Destruction, Renounce
Religion


You were on level 8 of the Dungeon.
You worshipped Makhleb.
Makhleb was greatly pleased with you.
You were not hungry.

You visited 2 branches of the dungeon, and saw 9 of its levels.
You also visited: Sewer and Ossuary.

You collected 390 gold pieces.
You spent 43 gold pieces at shops.

Inventory:

Hand Weapons
 a - a +0 war axe
 K - a cursed +0 battleaxe (weapon)
 M - a +5 war axe
Armour
 c - a +0 shield
 e - a +0 plate armour (worn)
 s - a +0 helmet (worn)
 D - a +1 pair of gloves (worn)
 F - a +1 cloak (worn)
Jewellery
 w - a -3 ring of intelligence (left hand)
 J - a ring of ice (right hand)
 L - an uncursed amulet of harm
Wands
 r - a wand of paralysis (9/24)
Scrolls
 b - a scroll of amnesia {unknown}
 g - 3 scrolls of remove curse
 h - 6 scrolls of identify
 i - 3 scrolls of teleportation
 k - 2 scrolls of blinking {unknown}
 m - 3 scrolls of noise {unknown}
 p - 2 scrolls of fear {unknown}
 t - 2 scrolls of fog {unknown}
 v - 2 scrolls of magic mapping {unknown}
 E - 3 scrolls of enchant weapon {unknown}
 G - a scroll of enchant armour {unknown}
 H - a scroll of recharging {unknown}
Potions
 d - a potion of might
 j - a potion of agility
 l - a potion of cure mutation
 q - a potion of haste
 u - 2 potions of lignification
 z - 9 potions of curing
 A - a potion of cancellation
 B - a potion of magic
 C - 2 potions of heal wounds
Comestibles
 f - 5 bread rations
 n - a meat ration
 o - a fruit
 x - 2 beef jerkies
 I - a chunk of flesh


   Skills:
 * Level 11.2(5.3) Fighting
 - Level 12.4(6.3) Axes
 + Level 5.6(0.4) Armour
 - Level 3.2(0.0) Shields
 - Level 4.0(0.0) Invocations
 - Level 2.0(0.0) Evocations


You had 9 spell levels left.
You didn't know any spells.

Dungeon Overview and Level Annotations

Branches:
Dungeon (8/15)             Temple (1/1) D:4
   Lair: D:8-11

Altars:
Dithmenos
Hepliaklqana
Makhleb
Trog
Vehumet

Shops:
D:7 *   D:8 =

Annotations:
D:8 Paps's ghost, novice GrFi


Innate Abilities, Weirdness & Mutations

You are partially covered in iridescent scales. (AC +2)


Message History

Paps's ghost is lightly damaged.
Paps's ghost hits you but does no damage. x2
You closely miss Paps's ghost.
Paps's ghost is lightly damaged.
Paps's ghost hits you but does no damage.
You hit Paps's ghost but do no damage.
Paps's ghost is lightly damaged.
Paps's ghost hits you.
You are electrocuted!
* * * LOW HITPOINT WARNING * * *
You are too injured to fight recklessly!
You feel very mighty all of a sudden. Paps's ghost closely misses you.
You hit Paps's ghost but do no damage.
Paps's ghost is lightly damaged.
Paps's ghost hits you.
* * * LOW HITPOINT WARNING * * *
You are electrocuted!
* * * LOW HITPOINT WARNING * * *
Paps's ghost hits you!
You die...

.. ##.# ...#
...# #...###
......)
#####(......
#..@W.......
#.##[.......
....$..........
...#.#..#......
.....
.......... #...
.8....##.%: ...
........ ... #
.8.∩.8..# ##
..........


You could see Paps's ghost.

Vanquished Creatures
  Sigmund (D:4)
  Menkaure (D:4)
  Duvessa (D:7)
  2 sky beasts
  A black bear (D:6)
  A phantom (D:6)
  A necrophage (D:3)
  3 ogres
  The ghost of theAP the Ducker, an amateur MfMo of Uskayaw (D:4)
  3 centaurs
  4 big kobolds (Sewer)
  2 bullfrogs (D:6)
  A wyvern zombie (D:6)
  4 water moccasin zombies (Ossuary)
  Dowan (D:7)
  5 wights (D:8)
  A jelly (D:5)
  A centaur zombie (D:4)
  A bullfrog zombie (D:4)
  3 crimson imps
  4 orc priests
  4 hounds
  9 orc wizards
  2 bullfrog skeletons
  A centaur skeleton (D:4)
  Jessica (D:3)
  2 iguanas
  Natasha (twice) (D:2)
  A worker ant (D:6)
  A killer bee zombie (D:7)
  4 big kobold zombies (Ossuary)
  A hound zombie (D:4)
  3 mummies
  Robin (D:2)
  A howler monkey skeleton (D:4)
  2 worker ant zombies (D:4)
  4 gnolls (D:3)
  2 river rats (Sewer)
  9 adders
  3 shadow imps
  8 oozes
  7 adder zombies
  5 worms
  2 dart slugs
  6 leopard geckos
  19 orcs
  7 giant cockroaches
  4 gnoll zombies (Ossuary)
  16 goblins
  18 hobgoblins
  14 jackals
  7 quokkas
  3 ball pythons
  8 bats
  4 frilled lizards
  2 giant cockroach zombies (D:4)
  6 hobgoblin zombies (Ossuary)
  2 jackal zombies (D:4)
  13 kobolds
  4 kobold zombies (Ossuary)
  A leopard gecko skeleton (D:4)
  7 orc zombies (Ossuary)
  2 quokka skeletons
  A quokka zombie (D:4)
  16 rats
  A bush (D:1)
  2 plants (D:1)
280 creatures vanquished.

Notes
Turn   | Place    | Note
-------+----------+-------------------------------------------
     0 | D:1      | dngmouse the Hill Orc Fighter began the quest for the Orb.
     0 | D:1      | Reached XP level 1. HP: 19/19 MP: 1/1
    19 | D:1      | Reached skill level 3 in Axes
    98 | D:1      | Reached XP level 2. HP: 23/27 MP: 2/2
   362 | D:1      | Reached skill level 4 in Axes
   398 | D:1      | Reached XP level 3. HP: 33/33 MP: 3/3
  1439 | D:2      | Reached XP level 4. HP: 39/40 MP: 4/4
  1619 | D:2      | Found a bloodstained altar of Trog.
  1810 | D:2      | Reached skill level 5 in Axes
  1814 | D:2      | Noticed Robin
  1858 | D:2      | Killed Robin
  2045 | D:2      | Reached XP level 5. HP: 33/47 MP: 5/5
  2142 | D:2      | Noticed Natasha
  2154 | D:2      | Killed Natasha
  2154 | D:2      | Reached skill level 6 in Axes
  2381 | D:2      | Noticed Natasha
  2391 | D:2      | Killed Natasha
  2391 | D:2      | Reached skill level 5 in Fighting
  2691 | D:3      | Noticed Jessica
  2702 | D:3      | Killed Jessica
  2702 | D:3      | Reached skill level 7 in Axes
  2702 | D:3      | Reached XP level 6. HP: 48/56 MP: 6/6
  3022 | D:3      | Noticed a necrophage
  3029 | D:3      | Killed a necrophage
  3029 | D:3      | Reached skill level 8 in Axes
  3505 | D:3      | Reached XP level 7. HP: 41/61 MP: 7/7
  3745 | D:4      | Reached skill level 9 in Axes
  3777 | D:4      | Noticed theAP's ghost (amateur MfMo)
  3798 | D:4      | Killed theAP's ghost
  3798 | D:4      | Reached skill level 10 in Axes
  3928 | D:4      | Noticed Sigmund
  3935 | D:4      | Killed Sigmund
  3993 | D:4      | Noticed Menkaure
  4002 | D:4      | Killed Menkaure
  4002 | D:4      | Reached skill level 11 in Axes
  4002 | D:4      | Reached XP level 8. HP: 54/68 MP: 8/8
  4169 | D:4      | Found a staircase to the Ecumenical Temple.
  4213 | Temple   | Entered the Ecumenical Temple
  4229 | Temple   | Became a worshipper of Makhleb the Destroyer
  4423 | D:5      | Entered Level 5 of the Dungeon
  4428 | D:5      | Found a glowing drain.
  4446 | Sewer    | Entered a sewer
  4646 | Sewer    | Reached * piety under Makhleb
  5020 | D:5      | Reached skill level 12 in Axes
  5122 | D:5      | Reached XP level 9. HP: 79/81 MP: 9/9
  5830 | D:6      | Reached ** piety under Makhleb
  5873 | D:6      | Reached skill level 1 in Invocations
  6005 | D:6      | Reached skill level 1 in Evocations
  6418 | D:7      | Reached skill level 10 in Fighting
  6452 | D:7      | Found a sand-covered staircase.
  6460 | Ossuary  | Entered an ossuary
  6492 | Ossuary  | Reached *** piety under Makhleb
  6730 | D:7      | Reached skill level 5 in Armour
  6730 | D:7      | Reached XP level 10. HP: 85/94 MP: 13/13
  6880 | D:7      | Noticed Duvessa
  6880 | D:7      | Noticed Dowan
  6896 | D:7      | Killed Dowan
  6904 | D:7      | Killed Duvessa
  7017 | D:7      | Gained mutation: You are partially covered in iridescent scales. (AC +2) [potion of beneficial mutation]
  7232 | D:7      | Found Lobb's Assorted Antiques.
  7237 | D:7      | Bought 2 inky potions for 43 gold pieces
  7339 | D:7      | Reached **** piety under Makhleb
  7408 | D:8      | Found Cuneaj's Jewellery Boutique.
  7473 | D:8      | Noticed Paps's ghost (novice GrFi)
  7479 | D:8      | Slain by Paps's ghost

Skill      XL: |  1  2  3  4  5  6  7  8  9 10 |
---------------+-------------------------------+-----
Axes           | 3 4 5 7 8 11 12 | 12.4
Fighting       | 4 5 8 10 11 | 11.2
Invocations    | 4 |  4.0
Evocations     | 2 |  2.0
Armour         | 5 |  5.6
Shields        | |  3.2

Action                   |  1- 3 |  4- 6 |  7- 9 | 10-12 || total
-------------------------+-------+-------+-------+-------++-------
Melee: War axe           |   214 |   276 |   543 |   104 ||  1137
       Battleaxe         |       |       |       |     5 ||     5
Throw: Throwing net      |       |       |       |     1 ||     1
  Use: Scroll            |       |     1 |     3 |     1 ||     5
       Potion            |       |       |       |    12 ||    12
  Eat: Chunk             |     2 |     8 |    11 |     3 ||    24
Armor: Plate armour      |   114 |   168 |   288 |   106 ||   676
       Scale mail        |     2 |       |       |       ||     2
Dodge: Dodged            |    29 |    34 |    58 |    17 ||   138
Block: Shield            |    99 |   120 |   202 |    45 ||   466
